 Dungeon Crawl Stone Soup version 0.19.4-8-ga85b6b9 (console) character file.

32 Grinner the Ruffian (level 3, 0/32 HPs)
             Began as a Troll Transmuter on Feb 13, 2017.
             Succumbed to an adder's poison
             ... on level 2 of the Dungeon.
             The game lasted 00:01:15 (760 turns).

Grinner the Ruffian (Troll Transmuter)               Turns: 760, Time: 00:01:16

Health: 0/32       AC:  5    Str: 18    XL:     3   Next: 8%
Magic:  1/3        EV: 13    Int: 10    God:
Gold:   97         SH:  0    Dex: 10    Spells: 1 memorised, 3 levels left

rFire  . . .     SeeInvis .       - Unarmed
rCold  . . .     Gourm    +     b - +0 robe
rNeg   . . .     Faith    +     (no shield)
rPois  .         Spirit   .     (helmet restricted)
rElec  .         Reflect  .     (no cloak)
rCorr  .         Harm     .     (gloves unavailable)
MR     .....                    (boots unavailable)
Stlth  +.........               g - amulet of faith
                                (no ring)
                                h - +3 ring of evasion

@: lethally poisoned (0 -> -1), appendage (expiring)
A: unfitting armour, claws 3, horns 2, fast metabolism 3, gourmand, regeneration
1, shaggy fur 1, tough skin 2
a: End Transformation


You were on level 2 of the Dungeon.
You were not hungry.
You had grown temporary horns.
You visited 1 branch of the dungeon, and saw 2 of its levels.

You collected 97 gold pieces.

Inventory:

Missiles
 a - 47 arrows
Armour
 b - a +0 robe (worn)
Jewellery
 g - an amulet of faith (around neck)
 h - a +3 ring of evasion (left claw)
Scrolls
 e - a scroll of noise {unknown}
Potions
 f - a potion of curing {unknown}
 k - a potion of haste {unknown}
Books
 c - a book of Changes

   Spells                             Type                      Level
   a - Beastly Appendage              Transmutation                1
   b - Sticks to Snakes               Transmutation                2
   c - Spider Form                    Transmutation/Poison         3
   d - Ice Form                       Ice/Transmutation            4
   e - Blade Hands                    Transmutation                5
Comestibles
 d - 2 bread rations
 i - a beef jerky


   Skills:
 - Level 0.7 Fighting
 - Level 1.5 Dodging
 + Level 4.2 Unarmed Combat
 - Level 1.2 Spellcasting
 - Level 1.3 Transmutations


You had 3 spell levels left.
You knew the following spells:

 Your Spells              Type           Power        Failure   Level  Hunger
z - Beastly Appendage     Tmut           #.....       21%         1    ##.....


Dungeon Overview and Level Annotations

Branches:
Dungeon (2/15)

Altars:


Innate Abilities, Weirdness & Mutations

You are too large for most types of armour.
You have claws for hands.
Your metabolism is lightning-fast.
You like to eat raw meat.
Your natural rate of healing is unusually fast.
You are covered in fur. (AC +1)
You have very tough skin. (AC +2)
You have a pair of horns on your head.


Message History

The hobgoblin hits you but does no damage.
The kobold barely misses you. The adder bites you.
* * * LOW HITPOINT WARNING * * *
You are poisoned.
The adder poisons you!
You completely miss the adder. Your headbutt misses the adder.
The adder is heavily wounded.
You feel sick. The kobold barely misses you. The hobgoblin barely misses you.
The kobold barely misses you. The adder barely misses you.
You barely miss the adder.
The adder is heavily wounded.
The adder bites you.
* * * LOW HITPOINT WARNING * * *
The kobold hits you with a dagger of venom.
* * * LOW HITPOINT WARNING * * *
The hobgoblin hits you with a club.
* * * LOW HITPOINT WARNING * * *
The kobold closely misses you.
It was a potion of cure mutation.
It has a very clean taste.
You die...

####......... ##
#........S..
...##+###.......... .
................# ..
................###...
......................
#.........####........
#.........####†.....##
..........#...@K....#
...######'###..KSg....#
.......)...##...l.....#
.........(.<####......#
(...........# #......#
..........#.# .........
.....)......# .........
......##..... .........
###... #......


You could see an adder, a hobgoblin, 2 kobolds and a frilled lizard.

Vanquished Creatures
  An adder (D:2)
  A dart slug (D:1)
  2 goblins (D:1)
  3 hobgoblins (D:1)
  4 kobolds
  4 bats
  2 frilled lizards (D:1)
  3 rats (D:1)
20 creatures vanquished.

Notes
Turn   | Place    | Note
-------+----------+-------------------------------------------
     0 | D:1      | Grinner the Troll Transmuter began the quest for the Orb.
     0 | D:1      | Reached XP level 1. HP: 18/18 MP: 1/1
   247 | D:1      | Reached XP level 2. HP: 26/26 MP: 2/2
   732 | D:2      | Reached skill level 4 in Unarmed Combat
   755 | D:2      | Reached XP level 3. HP: 12/32 MP: 1/3
   759 | D:2      | HP: 1/32 [hobgoblin/club (2)]
   760 | D:2      | Succumbed to an adder's poison

Skill      XL: |  1  2 |
---------------+-------+-----
Unarmed Combat | 4 |  4.2
Fighting       | |  0.7
Dodging        | |  1.5
Spellcasting   | |  1.2
Transmutations | |  1.3

Action                   || total
-------------------------++-------
Melee: Unarmed           ||    57
 Cast: Beastly Appendage ||     1
  Use: Potion            ||     1
  Eat: Chunk             ||     7
Armor: Robe              ||    17
Dodge: Dodged            ||    44
